 Dungeon Crawl Stone Soup version 0.31.0-12-g77e489cdc1 (webtiles) character file.

Game seed: 7559538095585739677

211 Gadfly the Shield-Bearer (level 5, -1/33 HPs)
             Began as a Gargoyle Fighter on Mar 3, 2024.
             Was an Initiate of Elyvilon.
             Slain by a gnoll
             ... wielding a +0 whip
             ... led by a gnoll bouda
              (2 damage)
             ... on level 4 of the Dungeon.
             The game lasted 00:04:24 (2428 turns).

Gadfly the Shield-Bearer (Gargoyle Fighter)         Turns: 2428, Time: 00:04:25

Health: -1/33      AC: 13    Str: 20    XL:     5   Next: 88%
Magic:  6/6        EV:  9    Int:  8    God:    Elyvilon [......]
Gold:   17         SH:  4    Dex: 11    Spells: 4/4 levels left

rFire   . . .        a - +0 flail
rCold   . . .        c - +0 buckler
rNeg    + . .        b - +0 scale mail
rPois   ∞            (no helmet)
rElec   +            n - scarf {harm}
rCorr   .            e - +0 pair of gloves {hurl}
SInv    .            g - +0 pair of boots
Will    .....        (no amulet) Stlth
                     (no ring)
HPRegen 0.25/turn    (no ring)
MPRegen 0.10/turn

%: harm (+30% outgoing, +20% incoming)
@: no status effects
A: sickness immunity, AC +4, negative energy resistance 1, electricity
resistance, torment resistance 1, petrification resistance
a: Renounce Religion


You were on level 4 of the Dungeon.
You worshipped Elyvilon.
Elyvilon was noncommittal.
You visited 2 branches of the dungeon, and saw 5 of its levels.

You collected 113 gold pieces.
You spent 96 gold pieces at shops.

Inventory:

Hand Weapons
 a - a +0 flail (weapon)
 i - a +2 antimagic dagger
Armour
 b - a +0 scale mail (worn)
 c - a +0 buckler (worn)
 e - a +0 pair of gloves of hurling (worn)
 g - a +0 pair of boots (worn)
 n - a scarf of harm (worn)
Wands
 j - a wand of paralysis (8)
Scrolls
 h - a scroll of summoning
 k - a scroll of vulnerability {unknown}
 m - a scroll of teleportation {unknown}
Potions
 d - 2 potions of might
 f - a potion of resistance
 l - a potion of curing
 o - 2 potions of heal wounds


   Skills:
 + Level 3.9 Fighting
 * Level 3.2 Maces & Flails
 + Level 3.7 Armour
 + Level 3.9 Shields
 * Level 2.6 Invocations
 * Level 2.1 Evocations


You had 4 spell levels left.
You didn't know any spells.
Your spell library contained the following spells:

 Spells                   Type           Power      Damage    Failure   Level
 Sandblast                Erth           0%         2d4       83%         1
 Mercury Vapours          Alch/Air       0%         N/A       92%         2
 Mephitic Cloud           Conj/Alch/Air  0%         N/A       99%         3
 Passwall                 Erth           0%         N/A       99%         3
 Stone Arrow              Conj/Erth      0%         3d7       99%         3
 Tukima's Dance           Hex            0%         N/A       99%         3
 Brom's Barrelling Bould  Conj/Erth      0%         2d3       100%        4
 Passage of Golubria      Tloc           0%         N/A       100%        4
 Petrify                  Alch/Erth      0%         N/A       100%        4
 Borgnjor's Vile Clutch   Necr/Erth      0%         N/A       100%        5
 Freezing Cloud           Conj/Ice/Air   0%         6-21      100%        5
 Yara's Violent Unravell  Hex/Alch       0%         3d3       100%        5
 Orb of Destruction       Conj           0%         9d5       100%        7


Dungeon Overview and Level Annotations

Branches:
Dungeon (4/15)             Temple (1/1) D:4

Altars:
Ashenzari
Cheibriados
Dithmenos
Elyvilon
Gozag
Hepliaklqana
Kikubaaqudgha
Nemelex Xobeh
Okawaru
Qazlal
Sif Muna
Trog
Uskayaw
Wu Jian
Xom
Zin

Shops:
D:3 !


Innate Abilities, Weirdness & Mutations

You are immune to sickness and miasma.
Your stone body is resilient. (AC +4)
You are immune to poison.
You resist negative energy. (rN+)
You are resistant to electric shocks. (rElec)
You are resistant to unholy torment.
You are immune to petrification.


Message History

The gnoll bouda hits you but does no damage.
You block the gnoll's attack. The gnoll barely misses you.
The gnoll closely misses you.
You closely miss the gnoll bouda.
The gnoll bouda is lightly wounded.
The gnoll bouda hits you but does no damage.
The gnoll hits you but does no damage. x3; The gnoll bouda barely misses you.
The gnoll hits you with a +0 flail. The gnoll hits you but does no damage.
You barely miss the gnoll bouda.
The gnoll bouda is lightly wounded.
You block the gnoll's attack.
The gnoll bouda hits you but does no damage.
The gnoll barely misses you. The gnoll hits you but does no damage.
You hit the gnoll bouda.
The gnoll bouda is moderately wounded.
You block the gnoll's attack. You block the gnoll bouda's attack.
The gnoll hits you but does no damage. The gnoll barely misses you.
The gnoll hits you with a +0 whip.
You barely miss the gnoll bouda.
The gnoll bouda is moderately wounded.
The gnoll bouda hits you with a +0 whip.
You block the gnoll's attack. The gnoll hits you with a +0 flail.
The gnoll hits you with a +0 whip. The gnoll bouda barely misses you.
You are too injured to fight recklessly!
You are too injured to fight recklessly!
You are too injured to fight recklessly!
You are too injured to fight recklessly!
You are too injured to fight recklessly!
You are too injured to fight recklessly!
You are too injured to fight recklessly!
You are too injured to fight recklessly!
You are too injured to fight recklessly!
Unknown command.
The gnoll attacks as it pursues you! The gnoll hits you with a +0 flail!
* * * LOW HITPOINT WARNING * * *
The gnoll hits you with a +0 flail.
* * * LOW HITPOINT WARNING * * *
The gnoll closely misses you. The gnoll hits you with a +0 whip.
You die...

...# #.>. #..#
#..# #g># #.g#
#gg# #.g#
.#.#####@.#
?.........# #
..####.###
.###
#...##.....
##.#....#
#.....###
##.#.#...#
#..#.###...#.
##.##...###...


You could see a gnoll bouda and 4 gnolls.

Vanquished Creatures
  A scorpion (D:3)
  An orc wizard (D:3)
  4 adders
  A ribbon worm (D:2)
  5 dart slugs
  7 orcs
  8 ball pythons
  2 endoplasms
  2 giant cockroaches
  10 goblins
  5 hobgoblins
  3 jackals (D:2)
  2 quokkas
  7 bats
  4 frilled lizards
  6 kobolds
  5 rats
73 creatures vanquished.

Notes
Turn   | Place    | Note
-------+----------+-------------------------------------------
     0 | D:1      | Gadfly the Gargoyle Fighter began the quest for the Orb.
     0 | D:1      | Reached XP level 1. HP: 14/14 MP: 1/1
   395 | D:1      | Reached XP level 2. HP: 14/19 MP: 2/2
   931 | D:1      | Reached skill level 1 in Invocations
  1019 | D:2      | Reached XP level 3. HP: 13/23 MP: 3/3
  1139 | D:2      | Reached skill level 1 in Evocations
  1207 | D:2      | Reached XP level 4. HP: 28/28 MP: 5/5
  1482 | D:2      | Found a faded altar of an unknown god.
  1637 | D:3      | Got the Encyclopedia of Dung
  1643 | D:3      | Found Woufui's Distillery.
  1674 | D:3      | Bought a potion of curing for 36 gold pieces
  1749 | D:3      | Reached XP level 5. HP: 23/33 MP: 6/6
  2193 | D:3      | Bought a potion of heal wounds for 60 gold pieces
  2371 | D:4      | Found a staircase to the Ecumenical Temple.
  2380 | Temple   | Entered the Ecumenical Temple
  2392 | Temple   | Became a worshipper of Elyvilon the Healer
  2427 | D:4      | HP: 1/33 [gnoll/+0 flail[a gnoll bouda] (1)]
  2428 | D:4      | Slain by a gnoll

Illustrated notes

Levels and vault maps discovered:
D:1:      eino_arrival_druids_welcome, layout_loops_ring
D:2:      layout_rooms, shapermc_ecumenical_altar_pompeii
D:3:      layout_rooms, serial_shops, shop, roderic_lattice_a, minmay_ruptured
D:4:      layout_loops_ring, minmay_temple_entry_slanted
Temple:   nicolae_temple_x_marks_the_god

Skill      XL: |  1  2  3  4  5 |
---------------+----------------+-----
Invocations    | 1 2 |  2.6
Evocations     | 1 2 |  2.1
Maces & Flails | 3 |  3.2
Fighting       | |  3.9
Armour         | |  3.7
Shields        | |  3.9

Action                     |  1- 3 |  4- 6 || total
---------------------------+-------+-------++-------
  Melee: Flail             |   129 |   167 ||   296
    Use: Scroll            |     2 |     3 ||     5
 Armour: Scale mail        |   114 |   166 ||   280
  Dodge: Dodged            |    87 |    81 ||   168
  Block: Buckler           |    35 |    53 ||    88
